Unix NetHack Version 5.0.0-0 post-release - last build Jun 10 2026 00:39:30 (3ee93aec679c4c4259841fe613dc97188e26a321,branch:main).

Game began 2026-06-22 00:43:38, ended 2026-06-22 00:48:27.

DaveT, lawful male human Priest

                         --------
                         |......|
                         |......|
                         |......|
                         |.......##
                         |......| #                        ########
                         |......| #                     ##s#  ----.-
                         ----.--- #                     #@_## .....|
                           #%##  ###                          |....|
                          #  #    #                           |....|
                          ####    #                           |....|
                          #       #                        ###-(...|
                          #       ##---.-                  #  ------
                      ----.--      #|...|         -------- #
                      |.....|      #|....         +......-##
                      |.....|      #-..<|         |......|
                      +^%...|       -----         |..>...|
                      -------                     --------

DaveT the Acolyte            St:11 Dx:13 Co:16 In:10 Wi:18 Ch:12  Lawful
Dlvl:3  $:54 HP:0(23) Pw:45(45) AC:3  Xp:3 T:901  Satiated

Latest messages:
 You kick a locked large box.
 THUD!
 You break open the lock!
 In what direction? h
 You kick a broken large box.
 THUD!
 You see the cave spider hide under a heavy iron ball.
 You see here a broken large box.
 The cave spider bites!
 You hit the cave spider!
 The cave spider bites!
 You miss the cave spider.
 You miss the cave spider.
 The cave spider misses!
 You miss the cave spider.
 You miss the cave spider.
 The cave spider bites!
 You miss the cave spider.
 You kill the cave spider!
 You see here a heavy iron ball (chained to you).
 You see here a broken large box.
 A - a scroll labeled ASHPD SODALG.
 B - a scroll labeled VELOX NEB.
 C - 2 yellow gems.
 What do you want to read? [ghjpsAB or ?*] A
 As you read the scroll, it disappears.
 Your small shield smoulders!
 Your iron skull cap rusts!
 Your iron skull cap rusts further!
 What do you want to read? [ghjpsB or ?*] B
 As you read the scroll, it disappears.
 Your mace glows blue for a moment.
 You see here a heavy iron ball (chained to you).
 The cave spider bites!
 The cave spider bites!
 The cave spider bites!
 The cave spider bites!
 The cave spider bites!
 The cave spider bites!
 You miss the cave spider.
 The cave spider bites!
 You miss the cave spider.
 The cave spider misses!
 You miss the cave spider.
 The cave spider bites!
 You miss the cave spider.
 The cave spider bites!
 You die...
 Do you want your possessions identified? [ynq] (y) y
 Do you want to see your attributes? [ynq] (y) q

Inventory:
 Coins    ('$')
  $ - 54 gold pieces
 Weapons  (')')
  y - 8 +0 arrows
  w - 11 +0 darts
  a - a blessed +2 mace (weapon in right hand)
 Armor    ('[')
  k - a very rusty +1 orcish helm (being worn)
  c - a burnt +0 small shield (being worn)
  b - a +0 robe (being worn)
  n - a +0 scale mail (being worn)
 Comestibles  ('%')
  e - 2 cloves of garlic
  r - a eucalyptus leaf
  l - a food ration
  t - a cursed food ration
  f - a sprig of wolfsbane
 Scrolls  ('?')
  s - a blessed scroll of scare monster
  j - a scroll of teleportation
 Spellbooks  ('+')
  p - a spellbook of detect monsters
  h - a spellbook of extra healing
  g - a spellbook of light
 Potions  ('!')
  v - a potion of see invisible
  d - 4 potions of holy water
  q - a potion of water
 Rings    ('=')
  x - a +1 ring of increase damage (on left hand)
 Gems/Stones  ('*')
  C - 2 chrysoberyl stones

DaveT the Priest's attributes:

Background:
 You were an Acolyte, a level 3 human Priest.
 You were lawful, on a mission for Tyr
 who was opposed by Odin (neutral) and Loki (chaotic).
 You were right-handed.
 You were in the Dungeons of Doom, on level 3.
 You entered the dungeon 901 turns ago.
 It was the midnight hour.
 You had 69 experience points, 11 more were needed to attain level 4.

Basics:
 You had 0 out of 23 hit points.
 You had all 45 energy points (spell power).
 Your armor class was 3.
 Your wallet contained 54 zorkmids.
 Autopickup was off.

Final Characteristics:
 Your strength was 11 (limit:18/100).
 Your dexterity was 13 (limit:18).
 Your constitution was 16 (limit:18).
 Your intelligence was 10 (limit:18).
 Your wisdom was 18 (limit:18).
 Your charisma was 12 (limit:18).

Final Status:
 You were chained to a heavy iron ball.
 You were satiated.
 You were unencumbered.
 You were wielding a mace.
 You had basic skill with mace.

Final Attributes:
 You were devoutly aligned.
 You had a small damage bonus (+1).
 You were guarded.
 Your spell casting was impaired by metallic armor, mitigated by your robe.
 You were fast.
 You are dead.

Miscellaneous:
 You didn't encounter any bones levels.
 Total elapsed playing time was 4 minutes and 48 seconds.

Major events:
 Turn
    1: DaveT the lawful human Priest entered the dungeon
  729: attained the rank of Acolyte (level 3)
  901: killed by a cave spider

Spells:
 Name                 Level Category     Fail Retention
 light                  1   clerical      67%  91%-100%
 extra healing          3   healing      100%  76%-100%

Skills:
 Fighting Skills
   bare handed combat [Unskilled]
 Weapon Skills
   club               [Unskilled]
   mace               [Basic]
   morning star       [Unskilled]
   flail              [Unskilled]
   hammer             [Unskilled]
   quarterstaff       [Unskilled]
   polearms           [Unskilled]
   spear              [Unskilled]
   trident            [Unskilled]
   lance              [Unskilled]
   bow                [Unskilled]
   sling              [Unskilled]
   crossbow           [Unskilled]
   dart               [Unskilled]
   shuriken           [Unskilled]
   boomerang          [Unskilled]
   unicorn horn       [Unskilled]
 Spellcasting Skills
   healing spells     [Unskilled]
   divination spells  [Unskilled]
   clerical spells    [Basic]

Voluntary challenges:
 Character rerolling was not enabled.
 You never genocided any monsters.
 You never polymorphed an object.
 You never changed form.
 You used no wishes.
Achievement:
 You attained the rank of Acolyte.

 The Dungeons of Doom: levels 1 to 4
    Level 1:
       A sink.
    Level 2:
       A fountain.
    Level 3: <- You were here.
       Final resting place for
          you, killed by a cave spider.
    Level 4:


Vanquished creatures:
  a kitten
 an orc zombie
  a wererat
  a giant rat
  a cave spider
  a red mold
  5 jackals
  2 goblins
  2 sewer rats
  2 grid bugs
  a bat
  2 lichens
  3 newts
23 creatures vanquished.

No species were genocided or became extinct.

Game over:
                       ----------
                      /          \
                     /    REST    \
                    /      IN      \
                   /     PEACE      \
                  /                  \
                  |      DaveT       |
                  |      54 Au       |
                  | killed by a cave |
                  |      spider      |
                  |                  |
                  |                  |
                  |       2026       |
                 *|     *  *  *      | *
        _________)/\\_//(\/(/\)/\//\/|_)_______

Goodbye DaveT the Priest...

You died in The Dungeons of Doom on dungeon level 3 with 525 points,
and 54 pieces of gold, after 901 moves.
You were level 3 with a maximum of 23 hit points when you died.

